 Dungeon Crawl Stone Soup version 0.20.1-1-g8b1a95d (webtiles) character file.

83 slep the Skirmisher (level 4, -6/41 HPs)
             Began as a Minotaur Abyssal Knight on Oct 27, 2017.
             Was a Believer of Lugonu.
             Mangled by HailEris's ghost (9 damage)
             ... on level 3 of the Dungeon.
             The game lasted 00:10:39 (1400 turns).

slep the Skirmisher (Minotaur Abyssal Knight)       Turns: 1400, Time: 00:10:40

Health: -6/41      AC:  3    Str: 16    XL:     4   Next: 22%
Magic:  13/13      EV:  9    Int:  9    God:    Lugonu [**....]
Gold:   190        SH:  7    Dex: 11    Spells: 3/3 levels left

rFire    + . .     SeeInvis .   a - +1 falchion
rCold    + + .     Gourm    +   k - +0 shield
rNeg     . . .     Faith    .   b - +0 leather armour
rPois    +         Spirit   .   (helmet restricted)
rElec    +         Reflect  .   (no cloak)
rCorr    +         Harm     .   (no gloves)
MR       .....                  (no boots)
Stlth    +.........             s - amulet of the gourmand
Regen    0.2/turn               v - ring of magical power
MPRegen  0.2/turn               f - ring of protection from cold

@: resistant
A: retaliatory headbutt, horns 2
a: Depart the Abyss, Bend Space, Renounce Religion


You were on level 3 of the Dungeon.
You worshipped Lugonu.
Lugonu was pleased with you.
You were not hungry.

You visited 1 branch of the dungeon, and saw 3 of its levels.
You visited the Abyss 1 time.

You collected 190 gold pieces.

Inventory:

Hand Weapons
 a - a +1 falchion (weapon)
 m - a +1 whip of freezing
 t - a +0 short sword of venom
Armour
 b - a +0 leather armour (worn)
 k - a +0 shield (worn)
Jewellery
 f - a ring of protection from cold (right hand)
 i - an uncursed ring of wizardry
 o - an uncursed ring of protection from cold
 s - an amulet of the gourmand (around neck)
 u - an uncursed ring of protection from fire
 v - a ring of magical power (left hand)
Scrolls
 d - 2 scrolls of enchant armour {unknown}
 e - 3 scrolls of identify {unknown}
 g - a scroll of enchant weapon {unknown}
 n - 2 scrolls of teleportation {unknown}
 q - a scroll of remove curse {unknown}
Comestibles
 c - 2 bread rations
 h - a royal jelly
 l - 2 meat rations
 p - 2 fruits


   Skills:
 + Level 4.6 Fighting
 + Level 3.5 Long Blades
 + Level 3.0 Armour
 + Level 1.4 Dodging
 + Level 1.3 Shields
 + Level 1.9 Invocations


You had 3 spell levels left.
You didn't know any spells.

Dungeon Overview and Level Annotations

Branches:
Dungeon (3/15)

Altars:

Annotations:
D:3 HailEris's ghost, weakling DsGl


Innate Abilities, Weirdness & Mutations

You reflexively headbutt those who attack you in melee.
You have a pair of horns on your head.


Message History

You start resting.
Magic restored.
You start resting.
It was a potion of resistance.
You feel protected.
HailEris's ghost hits you but does no damage.
You closely miss HailEris's ghost. You block HailEris's ghost's attack.
You closely miss HailEris's ghost. HailEris's ghost barely misses you.
You closely miss HailEris's ghost. Your headbutt misses HailEris's ghost.
HailEris's ghost hits you!
* * * LOW HITPOINT WARNING * * *
You hit HailEris's ghost but do no damage.
HailEris's ghost hits you but does no damage.
You barely miss HailEris's ghost. HailEris's ghost closely misses you.
HailEris's ghost hits you.
* * * LOW HITPOINT WARNING * * *
You hit HailEris's ghost.
HailEris's ghost is lightly damaged.
HailEris's ghost hits you!
You die...

.# .. .##.. .>#. #.. . ....##
#.# .####.<..# #.# ......#.
...####.# #......#
#.......###.##. #......#
#......@.......
#......#######..W.......
#......?#### ##.........# .#
###..W.....#####......... .##
...#...#.#....#..........#...
##..........................###
##...####....................
###...............###.#.#.# ..
##########..............# #.


You could see HailEris's ghost.

Vanquished Creatures
  2 adders
  2 oozes
  2 dart slugs
  3 bats (D:2)
  4 giant cockroaches
  5 hobgoblins
  2 jackals (D:1)
  9 kobolds
  A quokka (D:2)
  3 ball pythons
  3 frilled lizards
  8 goblins
  7 rats
51 creatures vanquished.

Notes
Turn   | Place    | Note
-------+----------+-------------------------------------------
     0 | Abyss:1  | slep the Minotaur Abyssal Knight began the quest for the Orb.
     0 | Abyss:1  | Reached XP level 1. HP: 19/19 MP: 1/1
    26 | Abyss:1  | Noticed a large abomination
    30 | Abyss:1  | Noticed an Executioner
    33 | D:1      | Escaped the Abyss
   156 | D:1      | Reached skill level 4 in Fighting
   207 | D:1      | Reached XP level 2. HP: 27/27 MP: 2/2
   214 | D:1      | Reached * piety under Lugonu
   526 | D:1      | Reached XP level 3. HP: 33/34 MP: 3/3
   879 | D:2      | Reached skill level 1 in Shields
  1159 | D:2      | Reached ** piety under Lugonu
  1159 | D:2      | Reached XP level 4. HP: 28/41 MP: 4/4
  1320 | D:3      | Noticed HailEris's ghost (weakling DsGl)
  1333 | D:3      | HP: 2/41 [HailEris's ghost (7)]
  1400 | D:3      | Mangled by HailEris's ghost

Skill      XL: |  1  2  3 |
---------------+----------+-----
Fighting       | 4 |  4.6
Long Blades    | 3 |  3.5
Shields        | 1 |  1.3
Armour         | 3 |  3.0
Dodging        | |  1.4
Invocations    | |  1.9

Action                   |  1- 3 |  4- 6 || total
-------------------------+-------+-------++-------
Melee: Falchion          |   109 |    23 ||   132
       Headbutt          |    13 |     3 ||    16
Invok: Depart the Abyss  |     1 |       ||     1
  Use: Potion            |       |     3 ||     3
  Eat: Chunk             |     8 |     1 ||     9
Armor: Leather armour    |    30 |     5 ||    35
Dodge: Dodged            |    42 |     8 ||    50
Block: Shield            |    40 |     8 ||    48
       Rpst.: Falchion   |    11 |     2 ||    13
